 Seeded DCSS version 0.29.1-12-g30fa7ad0bf (webtiles) character file.

Game seed: 16245865983455551772 (custom seed)

10 Gelion the Insei (level 2, 18/18 HPs)
             Began as an Octopode Transmuter on Jan 17, 2023.
             Quit the game on level 1 of the Dungeon.
             The game lasted 00:04:27 (1246 turns).

Gelion the Insei (Octopode Transmuter)              Turns: 1246, Time: 00:04:28

Health: 18/18      AC:  1    Str:  9    XL:     2   Next: 20%
Magic:  5/5        EV: 13    Int: 15    God:
Gold:   835        SH:  0    Dex: 12    Spells: 4/5 levels left

rFire   . . .      SeeInvis .   b - +9 staff of Olgreb {rPois∞}
rCold   . . .      Faith    .   (no shield)
rNeg    . . .      Spirit   .   (helmet restricted)
rPois   ∞          Reflect  .   (no amulet)
rElec   .          Harm     .   (no ring)
rCorr   .          Rampage  .   (no ring)
Will    .....                   (no ring)
Stlth   ++........              (no ring)
HPRegen 0.06/turn               (no ring)
MPRegen 0.09/turn               (no ring)
                                (no ring)
                                (no ring)

@: no status effects
A: almost no armour, amphibious, 8 rings, camouflage 1, gelatinous body 1,
(nimble swimmer 1), tentacles
a: Evoke the Staff of Olgreb


You were on level 1 of the Dungeon.
You visited 1 branch of the dungeon, and saw 1 of its levels.

You collected 835 gold pieces.

Inventory:

Hand Weapons
 b - the +9 staff of Olgreb (weapon) {rPois∞}
   (You acquired it on level 1 of the Dungeon)

   If the wielder is skilled in Evocations, they can envenom those struck by it,
   dealing poison damage which bypasses armour.
   It enhances your poison magic.
   It grants immunity to poison.
   It can be activated via the 'a'bility menu to radiate toxic energy, with
   effectiveness depending on Evocations skill.
Potions
 a - a potion of lignification
 c - a potion of might {unknown}
 d - 2 potions of flight {unknown}


   Skills:
 + Level 1.2 Fighting
 - Level 2.0 Dodging
 + Level 3.2 Unarmed Combat
 + Level 2.1 Spellcasting
 + Level 2.1 Transmutations


You had 4 spell levels left.
You knew the following spells:

 Your Spells              Type           Power      Damage    Failure   Level
a - Beastly Appendage     Tmut           16%        N/A       9%          1

Your spell library contained the following spells:

 Spells                   Type           Power      Damage    Failure   Level
 Wereblood                Tmut           8%         N/A       14%         2
 Summon Small Mammal      Summ           4%         N/A       22%         1
 Spider Form              Tmut/Pois      7%         N/A       38%         3
 Call Canine Familiar     Summ           1%         N/A       54%         3
 Ice Form                 Ice/Tmut       4%         N/A       80%         4
 Iskenderun's Battlesphe  Conj           1%         2d6       99%         5
 Orb of Destruction       Conj           0%         9d5       100%        7


Dungeon Overview and Level Annotations

Branches:
Dungeon (1/15)

Altars:


Innate Abilities, Weirdness & Mutations

You cannot wear most types of armour.
You are amphibious.
You can wear up to eight rings at the same time.
Your skin changes colour to match your surroundings (Stealth+).
Your rubbery body absorbs attacks. (AC +1, EV +1)
((You are camouflaged when in or above water. (Stealth+)))
You have tentacles for arms and can constrict up to eight enemies at once.


Message History

The endoplasm freezes you.
You are frozen.
* * * LOW HITPOINT WARNING * * *
You tentacle-slap the endoplasm.
You kill the endoplasm!
Your magical contamination has completely faded away.
Your tentacle spike disappears.
c - a fuming brown potion You see here the Spellbook of Congregated Blasting.
Something appears before you!
You pick up the Spellbook of Congregated Blasting and begin reading...
You add the spells Summon Small Mammal, Call Canine Familiar, Iskenderun's Battlesphere and Orb of Destruction to your library.
Something appears before you!
b - the +9 staff of Olgreb {rPois∞} You smell chlorine.
b - the +9 staff of Olgreb (weapon)
{rPois∞} You now have 835 gold pieces (gained 10).
d - 2 cyan potions
Found a faded altar of an unknown god.
There is a faded altar of an unknown god here.
You open the door.
A rat and an endoplasm come into view.
There is an open door here.
The helpless endoplasm fails to defend itself.
You hit the endoplasm.
The endoplasm is severely wounded.
The endoplasm freezes you.
You are frozen.
You hit the endoplasm.
You kill the endoplasm!
Unknown command.
The rat bites you but does no damage.
You hit the rat but do no damage. You grab the rat. You squeeze the rat.
You kill the rat!
No target in view!
No target in view!
You open the door.
There is an open door here.
Found 2 poisoned darts.
Are you sure you want to abandon this character and quit the game? (Confirm with "yes".)

####..
#.........##.## ##_#
##.......####.###.##
##.....## ##.#..#
##...## ##.#.# ##'##
###.# ## #.# #.# .(
#.# #.# #.#.#### #.#
#..@...# #.#
#......# #.#
.......#.#
###.##.##.# ... #.#
. ### #.# # #.# #.#


There were no monsters in sight!

Vanquished Creatures
  4 endoplasms (D:1)
  A goblin (D:1)
  2 quokkas (D:1)
  A rat (D:1)
8 creatures vanquished.

Notes
Turn   | Place    | Note
-------+----------+-------------------------------------------
     0 | D:1      | Gelion the Octopode Transmuter began the quest for the Orb.
     0 | D:1      | Reached XP level 1. HP: 13/13 MP: 3/3
   562 | D:1      | Identified 3 scrolls of acquirement
   562 | D:1      | Acquired 825 gold pieces
   751 | D:1      | Reached XP level 2. HP: 6/18 MP: 3/5
  1088 | D:1      | Acquired the Spellbook of Congregated Blasting
  1090 | D:1      | Acquired the +9 staff of Olgreb {rPois∞}
  1090 | D:1      | Found the +9 staff of Olgreb {rPois∞}
  1156 | D:1      | Found a faded altar of an unknown god.
  1246 | D:1      | Quit the game

Illustrated notes

Levels and vault maps discovered:
D:1:      minmay_arrival_hallway, layout_loops_corners, basic_ecumenical_altar,
          minmay_unequal

Action                   || total
-------------------------++-------
Melee: Unarmed           ||    21
       Tentacles         ||     4
       Kick              ||     3
       Constrict         ||     3
       Punch             ||     1
       Staff             ||     3
 Cast: Beastly Appendage ||     5
  Use: Scroll            ||     3
 Stab: Sleeping          ||     1
Armor: Skin              ||     2
Dodge: Dodged            ||     5
